 Dungeon Crawl Stone Soup version 0.28-a0-1152-g9c71ebef14 (webtiles) character file.

Game seed: 14431807067421888056

1 spaghetti the Sneak (level 1, -3/18 HPs)
             Began as a Mummy Delver on Dec 14, 2021.
             Slain by a necrophage (7 damage)
             ... on level 4 of the Dungeon.
             The game lasted 00:00:55 (334 turns).

spaghetti the Sneak (Mummy Delver)                   Turns: 334, Time: 00:00:56

Health: -3/18      AC:  3    Str: 15    XL:     1   Next: 16%
Magic:  1/1        EV: 11    Int:  9    God:
Gold:   0          SH:  0    Dex: 13    Spells: 0/0 levels left

rFire   x . .      SeeInvis .   a - +0 falchion {long}
rCold   + . .      Faith    .   (no shield)
rNeg    + + +      Spirit   .   b - +0 leather armour
rPois   ∞          Reflect  .   (no helmet)
rElec   .          Harm     .   (no cloak)
rCorr   .          Rampage  .   (no gloves)
Will    .....                   (no boots)
Stlth   ++........              (no amulet)
HPRegen 0.06/turn               (no ring)
MPRegen 0.07/turn               (no ring)

@: no status effects
A: cold resistance 1, negative energy resistance 3, torment resistance 2, heat
vulnerability 1, no potions
a: no special abilities


You were on level 4 of the Dungeon.
You visited 1 branch of the dungeon, and saw 3 of its levels.


Innate Abilities, Weirdness & Mutations

You are immune to poison.
Your flesh is cold resistant. (rC+)
You are immune to negative energy. (rN+++)
You are immune to unholy pain and torment.
You are vulnerable to heat. (rF-)
You do not drink.


   Skills:
 - Level 3.0 Fighting
 - Level 1.5 Long Blades
 - Level 1.5 Dodging
 + Level 4.1 Stealth


You couldn't memorise any spells.
You didn't know any spells.
Your spell library was empty.

Inventory:

Hand Weapons
 a - a +0 falchion (weapon) {long}
Missiles
 g - 17 stones (quivered) {throwing}
Armour
 b - a +0 leather armour (worn)
Wands
 f - a wand of digging (3)
Scrolls
 c - a scroll of fog
 e - a scroll of fear

Dungeon Overview and Level Annotations

Branches:
Dungeon (6/15)
 Temple: D:4-7

Altars:

# #### #. ..#
#.##
#.########### ...
#.#.#@......#
#.###...n.#####.#
#.$.......# #.#
#..........## #.#
#.#######.## ...
.. #.# ..# #.#
#.# #..# # #+#
#..# #...


You could see a necrophage.


Message History

You can't drink.
Okay, then.
You can't drink.
Okay, then.
The water moccasin skeleton bites you.
* * * LOW HITPOINT WARNING * * *
😨 HP[-1]
You take 1 damage, and now have 5/18 hp.
There is a stone staircase leading down here.
The water moccasin skeleton barely misses you.
There is a stone staircase leading up here.
The water moccasin skeleton bites you.
* * * LOW HITPOINT WARNING * * *
You climb upwards.
There is a stone staircase leading down here. 😱 HP[-3]
You take 3 damage, and now have 2/18 hp.
Unknown command.
Unknown command.
Unknown command. 😱 HP[+1]
You start resting. 😎 HP[+15]
Your hp is fully restored (18).
An endoplasm is nearby!
The helpless endoplasm fails to defend itself.
You hit the endoplasm.
You kill the endoplasm!
No target in view!
No target in view!
No target in view!
No target in view!
No target in view!
No target in view!
No target in view!
No target in view!
No target in view!
No target in view!
No target in view!
A necrophage comes into view.
A necrophage is nearby!
You see here 15 gold pieces.
You hit the necrophage.
The necrophage hits you but does no damage.
You slash the necrophage! The necrophage hits you. 😕 HP[-1]
You take 1 damage, and now have 17/18 hp.
You hit the necrophage. The necrophage barely misses you. x2
Unknown command.
You closely miss the necrophage. The necrophage hits you. 😮 HP[-5]
You take 5 damage, and now have 12/18 hp.
MASSIVE DAMAGE!! (PAUSE) Unknown command.
You closely miss the necrophage. The necrophage misses you.
You barely miss the necrophage. The necrophage hits you.
* * * LOW HITPOINT WARNING * * *
😨 HP[-3]
You take 3 damage, and now have 9/18 hp.
Unknown command.
You barely miss the necrophage. The necrophage closely misses you.
The necrophage hits you.
* * * LOW HITPOINT WARNING * * *
😨 HP[-1]
You take 1 damage, and now have 8/18 hp.
Unknown command.
Unknown command.
Okay, then.
You closely miss the necrophage. The necrophage barely misses you.
You hit the necrophage. The necrophage barely misses you.
Unknown command.
Unknown command.
You hit the necrophage. The necrophage hits you.
* * * LOW HITPOINT WARNING * * *
😨 HP[-2]
You take 2 damage, and now have 6/18 hp.
Unknown command.
Unknown command.
Okay, then.
You can't drink. 😨 HP[+1]
There is a stone staircase leading down here.
You hit the necrophage but do no damage.
The necrophage hits you but does no damage.
Unknown command.
Unknown command.
You closely miss the necrophage. The necrophage completely misses you.
The necrophage hits you.
* * * LOW HITPOINT WARNING * * *
😱 HP[-3]
You take 3 damage, and now have 4/18 hp.
Unknown command.
Unknown command.
You hit the necrophage but do no damage.
The necrophage barely misses you.
Unknown command.
Unknown command.
You hit the necrophage but do no damage.
The necrophage hits you!
You die...

Action                   || total
-------------------------++-------
Melee: Falchion          ||    18
  Use: Scroll            ||     1
 Stab: Sleeping          ||     1
Armor: Leather armour    ||     2
Dodge: Dodged            ||    12

Levels and vault maps discovered:
D:4:      layout_loops_corners, uniq_natasha, uniq_edmund
D:5:      layout_loops_ring, lightli_sewer_entry_pipes, minmay_strange_pillars
D:6:      layout_layer_cave, nicolae_elevator_lobby_plus

Notes
Turn   | Place    | Note
-------+----------+-------------------------------------------
     0 | D:5      | spaghetti the Mummy Delver began the quest for the Orb.
     0 | D:5      | Reached XP level 1. HP: 18/18 MP: 1/1
     0 | D:5      | magus.rc [v1.9.6]
    45 | D:5      | HP: 2/18 [water moccasin skeleton (3)]
   312 | D:4      | Noticed a necrophage
   332 | D:4      | HP: 4/18 [necrophage (3)]
   334 | D:4      | Slain by a necrophage

Vanquished Creatures
  An endoplasm (D:4)
1 creature vanquished.

Table legend:
 A = Non-vault XP
 B = Vault XP
 C = Vault XP percentage of total XP
 D = Non-vault monster count
 E = Vault monster count
 F = Vault count percentage of total count
                 A         B        C        D         E       F
            +---------+---------+-------+---------+---------+-------
      Total |       2 |       0 |   0.0 |       1 |       0 |   0.0
            +---------+---------+-------+---------+---------+-------
        D:4 |       2 |       0 |   0.0 |       1 |       0 |   0.0
            +---------+---------+-------+---------+---------+-------

Illustrated notes

Table legend:
 A = Kills in this place as a percentage of kills in entire the game.
 B = Kills by you in this place as a percentage of kills by you in the entire game.
 C = Kills by friends in this place as a percentage of kills by friends in the entire game.
 D = Other kills in this place as a percentage of other kills in the entire game.
 E = Experience gained in this place as a percentage of experience gained in the entire game.
 F = Experience gained in this place divided by the number of levels of this place that you have seen.
                   A       B       C       D       E      F
               +-------+-------+-------+-------+-------+----------------------
         Total | 100.0 | 100.0 |   N/A |   N/A | 100.0 |   0.7
       Dungeon | 100.0 | 100.0 |   N/A |   N/A | 100.0 |   0.7
               +-------+-------+-------+-------+-------+----------------------

Table legend: (Time is in decaauts)
 A = Elapsed time spent in this place.
 B = Non-inter-level travel time spent in this place.
 C = Inter-level travel time spent in this place.
 D = Time resting spent in this place.
 E = Time spent auto-exploring this place.
 F = Levels seen in this place.
 G = Mean time per level.
                   A        B        C        D        E       F      G
               +--------+--------+--------+--------+--------+-----+--------+
         Total |    337 |    337 |      0 |    246 |     20 |   3 |  112.3 |
       Dungeon |    337 |    337 |      0 |    246 |     20 |   3 |  112.3 |
               +--------+--------+--------+--------+--------+-----+--------+

Top non-repeatable levels by time:
     D:4: 291 daAuts
     D:5: 24 daAuts
     D:6: 22 daAuts
